Map: Dreamcatcher LE

Players

Serral - Winner!

  • Race: Zerg Zerg
  • Spawn Location: 11:00

Reynor

  • Race: Zerg Zerg
  • Spawn Location: 5:00

Event: WCS Montreal 2018

VOD

Have the link to the VOD?

Description

Time

  • Played on: Sept. 9, 2018, 5:23 p.m.
  • Length: 13:04

All games in this series

Show
View Real Time Build Order
Export as new Build Order

Serral Zerg - Winner!

Build Orders: Hatch First 

Get SALT Encoding   

  12  0:00  Drone  
  13  0:12  Overlord  
  13  0:17  Drone  
  14  0:31  Drone x2  
  16  0:48  Hatchery  
  15  0:51  Drone  
  15  0:54  Drone  
  17  1:08  Spawning Pool  
  16  1:11  Extractor  
  16  1:13  Drone  
  16  1:16  Drone  
  17  1:20  Drone  
  18  1:28  Drone  
  19  1:41  Drone  
  20  1:51  Overlord  
  20  1:55  Queen  
  20  1:59  Queen  
  24  2:06  Drone x2  
  26  2:10  Metabolic Boost  
  26  2:11  Drone  
  26  2:12  Drone  
  28  2:21  Drone  
  28  2:22  Drone  
  30  2:35  Hatchery  
  29  2:38  Zergling x2  
  29  2:40  Zergling x2  
  31  2:51  Overlord  
  31  2:52  Drone  
  31  2:53  Drone  
  31  2:54  Drone  
  34  3:04  Drone  
  34  3:05  Drone  
  36  3:08  Overlord  
  36  3:10  Drone x4  
  40  3:13  Evolution Chamber  
  40  3:14  Drone  
  40  3:18  Drone  
  41  3:28  Drone x2  
  41  3:30  Roach Warren  
  41  3:31  Drone  
  43  3:34  Drone x3  
  43  3:39  Zergling x2  
  43  3:40  Evolution Chamber  
  45  3:42  Zergling x4  
  45  3:43  Zergling x2  
  45  3:45  Zergling x2  
  50  3:49  Zerg Missile Weapons Level 1, Lair  
  50  3:54  Overlord, Extractor x2  
  50  3:55  Zergling x2  
  48  4:14  Roach x2  
  48  4:15  Roach  
  54  4:18  Overlord  
  54  4:22  Roach  
  54  4:23  Overlord  
  56  4:31  Overlord  
  56  4:36  Overlord  
  56  4:37  Roach x2  
  60  4:45  Drone  
  60  4:46  Drone x3, Roach  
  60  4:47  Glial Reconstitution, Roach  
  60  4:50  Overlord  
  68  4:53  Roach x2  
  72  5:02  Overlord  
  72  5:03  Hatchery  
  71  5:11  Overlord  
  71  5:17  Drone  
  71  5:19  Overlord  
  71  5:30  Roach x2  
  71  5:31  Roach x2  
  71  5:33  Overseer  
  79  5:41  Drone x3  
  82  5:45  Zerg Missile Weapons Level 2  
  82  5:47  Overlord  
  82  5:50  Roach x2  
  82  5:51  Drone x3  
  89  5:57  Queen  
  89  6:01  Overlord  
  90  6:04  Drone x3  
  90  6:07  Drone  
  90  6:09  Drone  
  95  6:17  Overlord  
  97  6:20  Drone x3  
  100  6:25  Overlord  
  100  6:26  Extractor x2  
  100  6:28  Overlord  
  100  6:33  Roach x5  
  106  6:45  Overlord  
  105  6:48  Overlord  
  105  6:55  Roach x10  
  105  6:56  Ravager x4  
  105  6:59  Roach x2  
  130  7:07  Roach x4  
  138  7:20  Roach x3  
  142  7:26  Roach  
  120  7:30  Roach x5  
  118  7:38  Roach x4  
  118  7:42  Queen  
  118  7:51  Overseer  
  118  7:53  Drone x4  
  118  7:57  Ravager x2  
  124  7:59  Overlord  
  124  8:01  Drone x3  
  127  8:07  Roach x2  
  127  8:08  Roach  
  133  8:16  Overlord  
  133  8:17  Roach x2  
  133  8:18  Tunneling Claws  
  137  8:26  Hatchery  
  136  8:27  Extractor  
  136  8:28  Pneumatized Carapace  
  136  8:29  Drone  
  136  8:30  Drone x2  
  136  8:32  Zerg Ground Armor Level 1  
  138  8:37  Roach x3  
  144  8:44  Burrow  
  144  8:46  Drone  
  145  8:49  Roach x4  
  145  8:53  Roach  
  145  8:54  Roach x3  
  161  9:00  Overlord  
  161  9:06  Hatchery, Roach  
  162  9:13  Roach x4  
  170  9:26  Roach x4  
  170  9:27  Overlord x2  
  176  9:31  Overlord  
  176  9:35  Overlord  
  165  9:40  Drone x5  
  165  9:45  Drone x2  
  169  9:48  Drone  
  169  9:51  Drone x2  
  172  9:56  Roach x3  
  172  9:57  Roach x11  
  178  10:00  Queen  
  178  10:06  Roach x2  
  182  10:12  Roach x4  
  184  10:20  Roach x4  
  182  10:21  Roach x4  
  182  10:27  Roach x3  
  180  10:36  Queen  
  180  10:37  Drone x3  
  180  10:39  Roach x2  
  180  10:41  Roach x24  
  183  10:44  Roach x2  
  183  10:45  Roach x6  
  193  10:53  Roach x3  
  193  10:54  Hydralisk Den  
  196  11:07  Roach x3  
  196  11:09  Roach x19  
  192  11:12  Roach x4  
  192  11:15  Overlord  
  200  11:21  Overlord  
  200  11:25  Roach x5  
  194  11:38  Roach x13  
  198  11:43  Roach x10  
  186  11:47  Roach x6  
  180  11:56  Roach  
  180  11:58  Roach x3  
  167  12:06  Roach  
  167  12:07  Roach x4  
  163  12:12  Roach x3  
  155  12:19  Ravager  
  155  12:22  Roach x5  
  156  12:23  Ravager x3  
  156  12:24  Ravager  
  156  12:26  Overseer  
  162  12:30  Roach x2  
  162  12:35  Roach x3  
  162  12:36  Roach  
  172  12:42  Roach x3  
Show
View Real Time Build Order
Export as new Build Order

Reynor Zerg 

Build Orders: Hatch First 

Get SALT Encoding   

  12  0:00  Drone  
  13  0:12  Overlord  
  13  0:16  Drone  
  14  0:30  Drone x2  
  16  0:49  Hatchery  
  15  0:51  Drone  
  15  0:54  Drone  
  17  0:58  Drone  
  18  1:08  Extractor  
  17  1:14  Spawning Pool  
  17  1:17  Drone  
  17  1:20  Drone  
  18  1:27  Drone  
  19  1:38  Overlord  
  19  1:49  Drone  
  20  2:01  Queen x2  
  20  2:02  Drone x2  
  26  2:08  Metabolic Boost  
  26  2:10  Drone  
  26  2:14  Drone  
  28  2:21  Drone  
  28  2:22  Drone  
  30  2:35  Overlord  
  30  2:36  Queen  
  30  2:41  Zergling x2  
  30  2:42  Drone, Evolution Chamber  
  30  2:43  Zergling x2  
  34  2:53  Zergling x2  
  34  2:57  Zergling x2  
  36  3:04  Roach Warren  
  35  3:06  Zergling x4  
  35  3:10  Drone x2  
  35  3:11  Zergling x6  
  35  3:12  Zergling x2  
  43  3:26  Zerg Missile Weapons Level 1, Overlord  
  43  3:28  Zergling x2  
  43  3:32  Overlord  
  44  3:45  Drone x6  
  50  4:00  Drone x3  
  50  4:02  Hatchery  
  52  4:13  Overlord  
  52  4:15  Drone x3  
  52  4:17  Drone x3  
  58  4:26  Lair  
  58  4:32  Drone x2  
  58  4:33  Extractor  
  58  4:35  Extractor  
  58  4:36  Roach x2  
  62  4:41  Roach x2  
  66  4:50  Overlord  
  66  4:53  Roach  
  68  5:00  Overlord  
  68  5:05  Overlord  
  68  5:09  Roach  
  68  5:10  Roach x2  
  68  5:14  Roach x3  
  78  5:17  Drone x2  
  78  5:20  Overlord  
  80  5:24  Drone  
  80  5:25  Drone x2  
  80  5:26  Glial Reconstitution  
  80  5:28  Drone x2  
  85  5:31  Drone  
  85  5:35  Roach x2  
  90  5:42  Drone x3  
  93  5:43  Extractor  
  93  5:44  Roach  
  93  5:46  Overlord  
  93  5:48  Roach  
  95  5:53  Roach  
  95  5:54  Overlord  
  97  5:57  Roach x3  
  97  6:01  Overlord  
  103  6:05  Roach  
  103  6:06  Roach x2  
  103  6:08  Roach  
  111  6:12  Roach  
  111  6:13  Roach  
  111  6:14  Roach  
  111  6:16  Overlord  
  119  6:18  Roach  
  119  6:21  Roach  
  124  6:25  Roach x2  
  124  6:28  Roach  
  124  6:29  Roach  
  128  6:32  Unknown  
  128  6:37  Roach x4  
  136  6:40  Overlord  
  136  6:44  Overlord  
  136  6:52  Overlord  
  136  6:54  Overlord  
  136  7:00  Roach x5  
  145  7:01  Overlord  
  145  7:05  Ravager  
  145  7:06  Ravager  
  145  7:07  Roach x2  
  147  7:18  Roach  
  147  7:19  Roach x4  
  154  7:25  Roach x3  
  154  7:28  Roach  
  154  7:29  Roach  
  138  7:33  Roach x2  
  116  7:38  Roach x2  
  116  7:44  Drone x4  
  106  7:50  Drone x3  
  109  7:56  Roach x2  
  113  7:59  Drone x3  
  113  8:03  Roach  
  118  8:06  Roach x2  
  118  8:11  Extractor  
  121  8:13  Zerg Missile Weapons Level 2, Roach  
  121  8:17  Drone x2  
  121  8:19  Roach x3  
  131  8:22  Roach x3  
  131  8:25  Overlord  
  137  8:30  Roach x2  
  141  8:35  Roach x3  
  153  8:41  Roach x3  
  153  8:48  Roach x3  
  159  8:50  Drone  
  160  9:00  Overlord  
  160  9:02  Roach x4  
  172  9:03  Roach x2  
  172  9:09  Overlord  
  172  9:10  Roach x2  
  172  9:14  Roach  
  178  9:17  Overlord  
  178  9:20  Roach x5  
  188  9:25  Ravager x2  
  188  9:28  Roach x2  
  188  9:29  Roach  
  196  9:37  Roach x2  
  196  9:42  Overseer  
  196  9:43  Spore Crawler  
  196  9:44  Spore Crawler  
  182  9:49  Ravager x2  
  182  9:50  Roach x2  
  178  9:54  Hatchery  
  178  9:55  Overseer  
  178  9:57  Roach x2  
  178  9:59  Extractor  
  180  10:01  Overseer  
  178  10:07  Roach x3  
  176  10:15  Roach x4  
  176  10:16  Roach  
  176  10:21  Roach x3  
  160  10:32  Roach x3  
  160  10:33  Roach x2  
  160  10:42  Ravager  
  165  10:50  Roach x6  
  165  10:51  Drone x4  
  165  10:52  Drone  
  176  11:00  Roach  
  176  11:03  Roach x2  
  182  11:04  Pneumatized Carapace  
  182  11:06  Roach x2  
  182  11:07  Roach  
  182  11:11  Overseer  
  188  11:12  Queen  
  188  11:13  Roach  
  188  11:14  Roach  
  191  11:20  Roach  
  191  11:21  Roach x3  
  193  11:31  Hatchery, Roach x3  
  194  11:34  Roach  
  174  11:40  Roach x3  
  174  11:46  Roach x2  
  164  11:53  Roach  
  148  11:58  Roach x3  
  146  12:08  Roach x2  
  128  12:10  Roach  
  112  12:18  Roach x2  
  112  12:20  Roach  
  112  12:21  Ravager x3  
  112  12:22  Ravager x2  
  123  12:23  Overseer  
  123  12:24  Hydralisk Den  
  123  12:29  Roach x5  
  132  12:34  Roach x3  
  140  12:42  Roach  
Tags
 
Add a new tag
Caveats
  • Supply blocks, unpowered buildings, or Contaminate may cause inaccurate times.
  • Supply counts are checked every 10 seconds.